 Dungeon Crawl Stone Soup version 0.29-a0-275-g389c0b56f3 (webtiles) character file.

Game seed: 2005154123103703051

30 jmlagarto the Insei (level 3, -2/23 HPs)
             Began as an Octopode Transmuter on Mar 10, 2022.
             Was a Follower of Fedhas.
             Slain by an endoplasm (3 damage)
             ... on level 2 of the Dungeon.
             The game lasted 00:03:49 (1386 turns).

jmlagarto the Insei (Octopode Transmuter)           Turns: 1386, Time: 00:03:50

Health: -2/23      AC:  1    Str:  9    XL:     3   Next: 20%
Magic:  6/6        EV: 13    Int: 17    God:    Fedhas [*.....]
Gold:   84         SH:  0    Dex: 12    Spells: 5/6 levels left

rFire   . . .      SeeInvis .     - Unarmed
rCold   . . .      Faith    .   (no shield)
rNeg    . . .      Spirit   .   (helmet currently unavailable)
rPois   .          Reflect  .   (no amulet)
rElec   .          Harm     .   (no ring)
rCorr   .          Rampage  .   (no ring)
Will    .....                   (no ring)
Stlth   ++........              (no ring)
HPRegen 0.07/turn               (no ring)
MPRegen 0.10/turn               (no ring)
                                (no ring)
                                (no ring)

@: appendages
A: tentacle spike 3, almost no armour, amphibious, 8 rings, camouflage 1,
gelatinous body 1, (nimble swimmer 1), tentacles
a: End Transformation, Renounce Religion


You were on level 2 of the Dungeon.
You worshipped Fedhas.
Fedhas was aware of your devotion.
One of your tentacles had grown a beastly spike.
You visited 1 branch of the dungeon, and saw 2 of its levels.

You collected 84 gold pieces.

Inventory:

Missiles
 d - 4 atropa-tipped darts
Scrolls
 b - 2 scrolls of noise {unknown}
 e - a scroll of teleportation {unknown}
 f - a scroll of blinking {unknown}
 g - a scroll of enchant weapon {unknown}
Potions
 a - a potion of lignification
 c - a potion of magic {unknown}


   Skills:
 + Level 1.5 Fighting
 + Level 2.3 Dodging
 + Level 3.2 Unarmed Combat
 + Level 2.3 Spellcasting
 + Level 2.4 Transmutations


You had 5 spell levels left.
You knew the following spells:

 Your Spells              Type           Power      Damage    Failure   Level
a - Beastly Appendage     Tmut           20%        N/A       7%          1

Your spell library contained the following spells:

 Spells                   Type           Power      Damage    Failure   Level
 Wereblood                Tmut           10%        N/A       11%         2
 Animate Skeleton         Necr           2%         N/A       19%         1
 Pain                     Necr           4%         1d4       19%         1
 Summon Small Mammal      Summ           4%         N/A       19%         1
 Spider Form              Tmut/Pois      6%         N/A       34%         3
 Call Canine Familiar     Summ           1%         N/A       50%         3
 Summon Guardian Golem    Hex/Summ       1%         N/A       50%         3
 Vampiric Draining        Necr           1%         2d6       50%         3
 Ice Form                 Ice/Tmut       6%         N/A       75%         4


Dungeon Overview and Level Annotations

Branches:
Dungeon (2/15)

Altars:
Fedhas


Innate Abilities, Weirdness & Mutations

One of your tentacles has grown a beastly spike.
You cannot wear most types of armour.
You are amphibious.
You can wear up to eight rings at the same time.
Your skin changes colour to match your surroundings (Stealth+).
Your rubbery body absorbs attacks. (AC +1, EV +1)
((You are camouflaged when in or above water. (Stealth+)))
You have tentacles for arms and can constrict up to eight enemies at once.


Message History

An endoplasm comes into view.
The goblin barely misses you.
Casting: Beastly Appendage (safe; 8% risk of failure)
Confirm with . or Enter, or press ? or * to list all spells.
One of your tentacles grows a vicious spike.
The goblin barely misses you.
You barely miss the goblin. You grab the goblin.
You pierce the goblin.
You kill the goblin!
Fedhas appreciates your contribution to the ecosystem.
You see here a +0 dagger.
The worm closely misses you.
You tentacle-slap the worm. You grab the worm.
The worm is lightly wounded.
You constrict the worm, but do no damage.
You tentacle-slap the worm but do no damage.
The worm is lightly wounded.
You constrict the worm. The worm bites you!
You tentacle-slap the worm.
The worm is moderately wounded.
You constrict the worm.
You tentacle-slap the worm but do no damage.
You pierce the worm.
The worm is severely wounded.
You constrict the worm. The worm bites you. The endoplasm misses you.
You tentacle-slap the worm but do no damage.
You squeeze the worm.
The worm is almost dead.
You constrict the worm. The worm bites you!
* * * LOW HITPOINT WARNING * * *
The endoplasm completely misses you.
Okay, then.
You tentacle-slap the worm.
You kill the worm!
Fedhas appreciates your contribution to the ecosystem.
You tentacle-slap the endoplasm.
You squeeze the endoplasm, but do no damage.
The endoplasm is heavily wounded.
The endoplasm hits you.
You die...
Fedhas appreciates your contribution to the ecosystem.

...........
.........####
##.###.#.
...>........#
..#.....#.
..........#
#.........
..>.......#
##.........
#####.###.#
.......... #
#...#.#####.........
#
###....##..!?.......
# ###<.....)@†......
#.###.#..J...... #.#
#.#.........
#[###.##........
#.##..###.....##
#.##.## ####...
####.##.#### #####
######...<......##...
...................#


You could see an endoplasm.

Vanquished Creatures
  A worm (D:2)
  2 dart slugs (D:1)
  4 bats (D:1)
  3 endoplasms
  A goblin (D:2)
  2 kobolds
  2 quokkas (D:1)
  4 ball pythons (D:1)
  A frilled lizard (D:1)
  4 rats
24 creatures vanquished.

Notes
Turn   | Place    | Note
-------+----------+-------------------------------------------
     0 | D:1      | jmlagarto the Octopode Transmuter began the quest for the
                  | Orb.
     0 | D:1      | Reached XP level 1. HP: 13/13 MP: 3/3
   309 | D:1      | Reached XP level 2. HP: 18/18 MP: 3/5
   939 | D:1      | Found a faded altar of an unknown god.
   948 | D:1      | Prayed at the altar of an unknown god.
   948 | D:1      | Became a worshipper of Fedhas Madash
   948 | D:1      | Reached * piety under Fedhas
  1214 | D:2      | Reached XP level 3. HP: 22/23 MP: 4/6
  1384 | D:2      | HP: 1/23 [worm (10)]
  1386 | D:2      | Slain by an endoplasm

Illustrated notes

Levels and vault maps discovered:
D:1:      psy_arrival_conway, layout_loops_ring,
          dreamdust_ecumenical_altar_hidden_monk_grotto
D:2:      layout_rooms, grunt_decor_mini_mirrors

Action                   || total
-------------------------++-------
Melee: Unarmed           ||    53
       Kick              ||    19
       Constrict         ||    10
       Tentacles         ||     7
 Cast: Beastly Appendage ||    19
 Stab: Sleeping          ||     5
Armor: Skin              ||     4
Dodge: Dodged            ||    27

Table legend: (Time is in decaauts)
 A = Elapsed time spent in this place.
 B = Non-inter-level travel time spent in this place.
 C = Inter-level travel time spent in this place.
 D = Time resting spent in this place.
 E = Time spent auto-exploring this place.
 F = Levels seen in this place.
 G = Mean time per level.
                   A        B        C        D        E       F      G
               +--------+--------+--------+--------+--------+-----+--------+
         Total |   1383 |   1361 |     22 |      0 |   1125 |   2 |  691.5 |
       Dungeon |   1383 |   1361 |     22 |      0 |   1125 |   2 |  691.5 |
               +--------+--------+--------+--------+--------+-----+--------+

Top non-repeatable levels by time:
     D:1: 1206 daAuts
     D:2: 176 daAuts
